IL
NORFOLK TIDES @ NASHVILLE SOUNDS
09/24/2044
 
TOP OF THE 1ST
Norfolk Tides batting - Pitching for Nashville Sounds : RHP Craig Daniel
Pitching: RHP Craig Daniel
Batting: LHB Tom Edwards 0-0: Ball
1-0: Ball
2-0: Foul Ball, location: 2F
2-1: SINGLE (Groundball, 34S, EV 68.1 MPH) (infield hit)
Batting: RHB Francisco Viera 0-0: Ball
1-0: Called Strike
1-1: Foul Ball, location: 2F
1-2: Foul Ball, location: 2F
1-2: Ball
2-2: Foul Ball, location: 2F
2-2: Strikes out swinging
Batting: SHB Brian Bentz 0-0: Swinging Strike
0-1: Foul Ball, location: 2F
0-2: Ball
1-2: Foul Ball, location: 2F
1-2: SINGLE (Groundball, 56, EV 96.9 MPH) (infield hit)
Tom Edwards to second
Batting: RHB Mike Hayward 0-0: Called Strike
0-1: Ball
1-1: Grounds into double play, 4-6-3 (Groundball, 4, EV 105.6 MPH)
Top of the 1st over - 0 runs, 2 hits, 0 errors, 1 left on base; Norfolk 0 - Nashville 0
BOTTOM OF THE 1ST
Nashville Sounds batting - Pitching for Norfolk Tides : RHP Ferri Adam
Pitching: RHP Ferri Adam
Batting: LHB Zachary DeLuca 0-0: Swinging Strike
0-1: Foul Ball, location: 2F
0-2: Ball
1-2: Ball
2-2: Strikes out looking
Batting: RHB Jorge Bernal 0-0: Foul Ball, location: 2F
0-1: Ground out 5-3 (Groundball, 5L, EV 89.4 MPH)
Batting: SHB Rich Muniz 0-0: Ball
1-0: Ball
2-0: Swinging Strike
2-1: Ball
3-1: Foul Ball, location: 2F
3-2: Base on Balls
Batting: RHB Adam McGurn 0-0: Called Strike
Rich Muniz steals 2nd base
0-1: Ball
1-1: Foul Ball, location: 2F
1-2: Ball
2-2: Ball
3-2: Foul Ball, location: 2F
3-2: Strikes out looking
Bottom of the 1st over - 0 runs, 0 hits, 0 errors, 1 left on base; Norfolk 0 - Nashville 0
TOP OF THE 2ND
Norfolk Tides batting - Pitching for Nashville Sounds : RHP Craig Daniel
Batting: SHB Tony Pantaleon 0-0: Fly out, F7 (Flyball, 78S, EV 93.1 MPH)
Batting: RHB Mario Saez 0-0: Ball
1-0: Ball
2-0: Foul Ball, location: 2F
2-1: Foul Ball, location: 2F
2-2: Foul Ball, location: 2F
2-2: Ball
3-2: Ground out 6-3 (Groundball, 6, EV 85.0 MPH)
Batting: LHB Josh Downs 0-0: Ball
1-0: Foul Ball, location: 2F
1-1: Foul Ball, location: 2F
1-2: Ball
2-2: Ground out 6-3 (Groundball, 6, EV 81.9 MPH)
Top of the 2nd over - 0 runs, 0 hits, 0 errors, 0 left on base; Norfolk 0 - Nashville 0
BOTTOM OF THE 2ND
Nashville Sounds batting - Pitching for Norfolk Tides : RHP Ferri Adam
Batting: SHB Ryan Langlois 0-0: Called Strike
0-1: Fly out, F9 (Flyball, 9LS, EV 91.9 MPH)
Batting: SHB Quincy Bradford 0-0: Foul Ball, location: 2F
0-1: Foul Ball, location: 2F
0-2: Strikes out swinging
Batting: RHB Javier Garcia 0-0: Called Strike
0-1: Ground out 4-3 (Groundball, 13, EV 86.9 MPH)
Bottom of the 2nd over - 0 runs, 0 hits, 0 errors, 0 left on base; Norfolk 0 - Nashville 0
TOP OF THE 3RD
Norfolk Tides batting - Pitching for Nashville Sounds : RHP Craig Daniel
Batting: RHB Sal Espinosa 0-0: Ground out 6-3 (Groundball, 56D, EV 103.1 MPH)
Batting: RHB Carlos Talavera 0-0: Called Strike
0-1: Ball
1-1: Ground out 4-3 (Groundball, 4M, EV 87.5 MPH)
Batting: LHB Tom Edwards 0-0: Ball
1-0: Called Strike
1-1: SINGLE (Line Drive, 9S, EV 105.0 MPH)
Batting: RHB Francisco Viera 0-0: Ball
1-0: Ball
2-0: Ball
3-0: Base on Balls
Tom Edwards to second
Batting: SHB Brian Bentz 0-0: Called Strike
0-1: Ball
1-1: Ball
2-1: DOUBLE (Line Drive, 89XD, EV 108.1 MPH)
Tom Edwards scores
Francisco Viera to third
Runner from 3rd tries for Home, SAFE, no throw by RF
Batting: RHB Mike Hayward 0-0: Ball
1-0: Called Strike
1-1: Ball
2-1: Foul Ball, location: 2F
2-2: Foul Ball, location: 2F
2-2: Ball
3-2: SINGLE (Line Drive, 8RS, EV 104.4 MPH)
Brian Bentz to third
Batting: SHB Tony Pantaleon 0-0: Ball
Mike Hayward steals 2nd base (no throw)
1-0: Ball
2-0: Ground out U3 (Groundball, 34, EV 82.5 MPH)
Top of the 3rd over - 2 runs, 3 hits, 0 errors, 2 left on base; Norfolk 2 - Nashville 0
BOTTOM OF THE 3RD
Nashville Sounds batting - Pitching for Norfolk Tides : RHP Ferri Adam
Batting: SHB Todd Hewitt 0-0: Called Strike
0-1: Ball
1-1: Foul Ball, location: 2F
1-2: Strikes out swinging
Batting: RHB Robby Godwin 0-0: Ball
1-0: Ball
2-0: DOUBLE (Line Drive, 9LM, EV 108.8 MPH)
Batting: LHB Zachary DeLuca 0-0: Ball
1-0: Foul Ball, location: 2F
1-1: Foul Ball, location: 2F
1-2: Strikes out swinging
Batting: RHB Jorge Bernal 0-0: Ball
1-0: Swinging Strike
1-1: Ball
2-1: Foul Ball, location: 2F
2-2: Fly out, F7 (Flyball, 78S, EV 81.9 MPH)
Bottom of the 3rd over - 0 runs, 1 hit, 0 errors, 1 left on base; Norfolk 2 - Nashville 0
TOP OF THE 4TH
Norfolk Tides batting - Pitching for Nashville Sounds : RHP Craig Daniel
Batting: RHB Mario Saez 0-0: Called Strike
0-1: Swinging Strike
0-2: Strikes out swinging
Batting: LHB Josh Downs 0-0: Called Strike
0-1: Ball
1-1: Ball
2-1: Ball
3-1: Fly out, F6 (Flyball, 56D, EV 79.4 MPH)
Batting: RHB Sal Espinosa 0-0: Ball
1-0: Foul Ball, location: 2F
1-1: Ground out 4-3 (Groundball, 34, EV 100.6 MPH)
Top of the 4th over - 0 runs, 0 hits, 0 errors, 0 left on base; Norfolk 2 - Nashville 0
BOTTOM OF THE 4TH
Nashville Sounds batting - Pitching for Norfolk Tides : RHP Ferri Adam
Batting: SHB Rich Muniz 0-0: Ground out 6-3 (Groundball, 6, EV 90.6 MPH)
Batting: RHB Adam McGurn 0-0: Foul Ball, location: 2F
0-1: Ground out 5-3 (Groundball, 5S, EV 92.5 MPH)
Batting: SHB Ryan Langlois 0-0: SINGLE (Groundball, 56D, EV 95.0 MPH)
Batting: SHB Quincy Bradford 0-0: Ball
1-0: Called Strike
1-1: Called Strike
Ryan Langlois steals 2nd base
1-2: Fly out, F8 (Flyball, 8LXD, EV 105.0 MPH)
Bottom of the 4th over - 0 runs, 1 hit, 0 errors, 1 left on base; Norfolk 2 - Nashville 0
TOP OF THE 5TH
Norfolk Tides batting - Pitching for Nashville Sounds : RHP Craig Daniel
Batting: RHB Carlos Talavera 0-0: Called Strike
0-1: Ground out 4-3 (Groundball, 4, EV 95.6 MPH)
Batting: LHB Tom Edwards 0-0: Ball
1-0: Ball
2-0: Swinging Strike
2-1: Called Strike
2-2: Ball
3-2: Base on Balls
Batting: RHB Francisco Viera 0-0: Called Strike
0-1: Ball
1-1: Swinging Strike
1-2: Ball
2-2: Ball
3-2: Foul Ball, location: 2F
3-2: SINGLE (Groundball, 6D, EV 106.9 MPH)
Tom Edwards to second
Batting: SHB Brian Bentz 0-0: SINGLE (Groundball, 3D, EV 101.9 MPH)
Tom Edwards to third
Francisco Viera to second
Runner from 3rd tries for Home, SAFE, throw by RF to home
Batting: RHB Mike Hayward 0-0: Ball
Francisco Viera is caught stealing 3rd base 2-5
1-0: Called Strike
1-1: Ground out U3 (Groundball, 34S, EV 70.0 MPH)
Top of the 5th over - 1 run, 2 hits, 0 errors, 1 left on base; Norfolk 3 - Nashville 0
BOTTOM OF THE 5TH
Nashville Sounds batting - Pitching for Norfolk Tides : RHP Ferri Adam
Batting: RHB Javier Garcia 0-0: Called Strike
0-1: Ball
1-1: Fly out, F4 (Line Drive, 4, EV 68.8 MPH)
Batting: SHB Todd Hewitt 0-0: Ball
1-0: SINGLE (Line Drive, 56D, EV 95.0 MPH)
Batting: RHB Robby Godwin 0-0: Ball
1-0: Ball
2-0: Fly out, F8 (Line Drive, 8LM, EV 94.4 MPH)
Batting: LHB Zachary DeLuca 0-0: Called Strike
0-1: Ball
1-1: Foul Ball, location: 2F
1-2: Strikes out swinging
Bottom of the 5th over - 0 runs, 1 hit, 0 errors, 1 left on base; Norfolk 3 - Nashville 0
TOP OF THE 6TH
Norfolk Tides batting - Pitching for Nashville Sounds : RHP Craig Daniel
Batting: SHB Tony Pantaleon 0-0: Ball
1-0: Foul Ball, location: 2F
1-1: Ball
2-1: Ground out 4-3 (Groundball, 34, EV 106.3 MPH)
Batting: RHB Mario Saez 0-0: Swinging Strike
0-1: Ball
1-1: Ball
2-1: Swinging Strike
2-2: Ball
3-2: Fly out, F7 (Flyball, 78D, EV 82.5 MPH)
Batting: LHB Josh Downs 0-0: Ball
1-0: Ball
2-0: Called Strike
2-1: Ball
3-1: Swinging Strike
3-2: Foul Ball, location: 2F
3-2: Foul Ball, location: 2F
3-2: Fly out, F7 (Flyball, 7S, EV 96.9 MPH)
Top of the 6th over - 0 runs, 0 hits, 0 errors, 0 left on base; Norfolk 3 - Nashville 0
BOTTOM OF THE 6TH
Nashville Sounds batting - Pitching for Norfolk Tides : RHP Ferri Adam
Batting: RHB Jorge Bernal 0-0: Ball
1-0: Ball
2-0: Fly out, F9 (Line Drive, 9D, EV 91.3 MPH)
Batting: SHB Rich Muniz 0-0: Called Strike
0-1: Ground out 4-3 (Groundball, 4, EV 80.0 MPH)
Batting: RHB Adam McGurn 0-0: Fly out, F8 (Flyball, 8LXD, EV 73.8 MPH)
Bottom of the 6th over - 0 runs, 0 hits, 0 errors, 0 left on base; Norfolk 3 - Nashville 0
TOP OF THE 7TH
Norfolk Tides batting - Pitching for Nashville Sounds : RHP Craig Daniel
Pitching: RHP Reynaldo Edwards
Batting: RHB Sal Espinosa 0-0: Foul Ball, location: 2F
0-1: Ball
1-1: Called Strike
1-2: Ball
2-2: Fly out, F8 (Flyball, 78D, EV 97.5 MPH)
Batting: RHB Carlos Talavera 0-0: Ball
1-0: Ball
2-0: Foul Ball, location: 2F
2-1: Called Strike
2-2: Ball
3-2: Foul Ball, location: 2F
3-2: Strikes out swinging
Batting: LHB Tom Edwards 0-0: Ball
1-0: Called Strike
1-1: Fly out, F8 (Flyball, 8RD, EV 98.8 MPH)
Top of the 7th over - 0 runs, 0 hits, 0 errors, 0 left on base; Norfolk 3 - Nashville 0
BOTTOM OF THE 7TH
Nashville Sounds batting - Pitching for Norfolk Tides : RHP Ferri Adam
Batting: SHB Ryan Langlois 0-0: Ball
1-0: Ground out 3-1 (Groundball, 34, EV 109.4 MPH)
Batting: SHB Quincy Bradford 0-0: Called Strike
0-1: Foul Ball, location: 2F
0-2: Ball
1-2: Strikes out swinging
Batting: RHB Javier Garcia 0-0: Foul Ball, location: 2F
0-1: Ball
1-1: SINGLE (Flyball, 8LS, EV 98.8 MPH)
Batting: SHB Todd Hewitt 0-0: Ball
1-0: Swinging Strike
1-1: Swinging Strike
1-2: Strikes out looking
Bottom of the 7th over - 0 runs, 1 hit, 0 errors, 1 left on base; Norfolk 3 - Nashville 0
TOP OF THE 8TH
Norfolk Tides batting - Pitching for Nashville Sounds : RHP Reynaldo Edwards
Batting: RHB Francisco Viera 0-0: Ball
1-0: Called Strike
1-1: Ball
2-1: Swinging Strike
2-2: Ball
3-2: Ground out 5-3 (Groundball, 56, EV 82.5 MPH)
Batting: SHB Brian Bentz 0-0: Ball
1-0: Ground out 5-3 (Groundball, 6, EV 102.5 MPH)
Batting: RHB Mike Hayward 0-0: Foul Ball, location: 2F
0-1: Foul Ball, location: 2F
0-2: Strikes out swinging
Top of the 8th over - 0 runs, 0 hits, 0 errors, 0 left on base; Norfolk 3 - Nashville 0
BOTTOM OF THE 8TH
Nashville Sounds batting - Pitching for Norfolk Tides : RHP Ferri Adam
Batting: RHB Robby Godwin 0-0: SINGLE (Groundball, 6D, EV 100.6 MPH)
Batting: LHB Zachary DeLuca 0-0: Called Strike
0-1: Ball
1-1: SINGLE (Line Drive, 9S, EV 105.0 MPH)
Robby Godwin to second
Batting: RHB Jorge Bernal 0-0: Foul Ball, location: 2F
0-1: Fly out, F7 (Flyball, 7S, EV 85.6 MPH)
Batting: SHB Rich Muniz 0-0: Ball
1-0: Swinging Strike
1-1: Ground out 4-3 (Groundball, 4M, EV 100.6 MPH)
Robby Godwin to third
Zachary DeLuca to second
Batting: RHB Adam McGurn 0-0: Called Strike
0-1: Ball
1-1: Called Strike
1-2: Ball
2-2: SINGLE (Groundball, 4D, EV 106.3 MPH)
Robby Godwin scores
Zachary DeLuca to third
Runner from 3rd tries for Home, SAFE, throw by CF to home
Batting: SHB Ryan Langlois 0-0: Foul Ball, location: 2F
0-1: Ball
1-1: SINGLE (Groundball, 56D, EV 109.4 MPH)
Adam McGurn to second
Batting: SHB Quincy Bradford 0-0: Ball
1-0: Ball
2-0: SINGLE (Groundball, 4, EV 100.0 MPH)
Adam McGurn to third
Ryan Langlois to second
Runner from 3rd tries for Home, SAFE, throw by CF to home
Pitching: RHP Aaron Schneider
Batting: RHB Javier Garcia 0-0: Foul Ball, location: 2F
0-1: Swinging Strike
0-2: Fly out, F8 (Line Drive, 8LD, EV 91.3 MPH)
Bottom of the 8th over - 3 runs, 5 hits, 0 errors, 2 left on base; Norfolk 3 - Nashville 3
TOP OF THE 9TH
Norfolk Tides batting - Pitching for Nashville Sounds : RHP Reynaldo Edwards
Batting: SHB Tony Pantaleon 0-0: Called Strike
0-1: Ground out 5-3 (Groundball, 6, EV 86.9 MPH)
Batting: RHB Mario Saez 0-0: Swinging Strike
0-1: Ball
1-1: Ball
2-1: Called Strike
2-2: Fly out, F3 (Popup, 34, EV 81.9 MPH)
Batting: LHB Josh Downs 0-0: Ball
1-0: SINGLE (Groundball, 4MD, EV 95.0 MPH)
Pinch Hitting: LHB Hyoji Toda 0-0: Ball
1-0: Foul Ball, location: 2F
1-1: Swinging Strike
1-2: Ball
2-2: Strikes out swinging
Top of the 9th over - 0 runs, 1 hit, 0 errors, 1 left on base; Norfolk 3 - Nashville 3
BOTTOM OF THE 9TH
Nashville Sounds batting - Pitching for Norfolk Tides : RHP Aaron Schneider
Now at 2B: Andy Chess
Now at 3B: Tom Edwards
Batting: SHB Todd Hewitt 0-0: Swinging Strike
0-1: SINGLE (Groundball, 56S, EV 67.5 MPH) (infield hit)
Batting: RHB Robby Godwin 0-0: Ball
1-0: Swinging Strike
1-1: Ball
2-1: Called Strike
2-2: Fielders Choice at 2nd, 6-4 (Groundball, 6, EV 81.3 MPH)
Batting: LHB Zachary DeLuca 0-0: Ball
1-0: Ball
Robby Godwin steals 2nd base (no throw)
2-0: Intentional Walk
Batting: RHB Jorge Bernal 0-0: Ground out 5-3 (Groundball, 15, EV 84.4 MPH)
Robby Godwin to third
Zachary DeLuca to second
Batting: SHB Rich Muniz 0-0: Called Strike
0-1: 3-RUN HOME RUN (Flyball, 9D, EV 96.9 MPH), Distance : 362 ft
Bottom of the 9th over - 3 runs, 2 hits, 0 errors, 0 left on base; Norfolk 3 - Nashville 6
Game Over ... Nashville defeats Norfolk, 6 to 3
Thursday, March 31st , 2022 - OOTP Baseball 22.12 Build 89